 Dungeon Crawl Stone Soup version 0.20-a0-1089-g3fde505 (webtiles) character file.

2588 Alarkh the Cleaver (level 9, -1/66 HPs)
             Began as a Demonspawn Monk on May 3, 2017.
             Slain by a two-headed ogre
             ... wielding a +0 giant club
              (23 damage)
             ... on level 6 of the Dungeon.
             The game lasted 00:14:37 (10549 turns).

Alarkh the Cleaver (Demonspawn Monk)               Turns: 10549, Time: 00:14:38

Health: -1/66      AC:  8    Str: 12    XL:     9   Next: 32%
Magic:  18/18      EV: 14    Int: 14    God:
Gold:   309        SH:  0    Dex: 16    Spells: 8/8 levels left

rFire    . . .     SeeInvis .   a - +1 war axe
rCold    + . .     Gourm    .   (no shield)
rNeg     . . .     Faith    .   A - +2 robe {MR+}
rPois    .         Spirit   .   x - +0 helmet
rElec    .         Reflect  .   d - +2 cloak
rCorr    .         Harm     .   (no gloves)
MR       +....                  (no boots)
Stlth    +++.......             (no amulet)
Regen    0.3/turn               f - ring of flight
MPRegen  0.2/turn               m - ring of magical power

@: no status effects
A: cold resistance 1, nightstalker 1, spiny 1, sturdy frame 3
a: Evoke Flight


You were on level 6 of the Dungeon.
You were not hungry.

You visited 1 branch of the dungeon, and saw 6 of its levels.

You collected 309 gold pieces.

Inventory:

Hand Weapons
 a - a +1 war axe (weapon)
 i - a +2 hand axe
Armour
 b - a +0 robe
 d - a +2 cloak (worn)
 j - a +2 robe of cold resistance
 n - a +0 leather armour
 x - a +0 helmet (worn)
 y - a +0 ring mail
 A - a +2 robe of magic resistance (worn)
Jewellery
 f - a ring of flight (left hand)
 m - a ring of magical power (right hand)
Wands
 v - a wand of iceblast (0/15)
Scrolls
 e - 4 scrolls of immolation
 l - a scroll of fog {unknown}
 o - a scroll of fear {unknown}
 p - a scroll of torment {unknown}
 r - a scroll of teleportation {unknown}
 s - a scroll of amnesia
 t - a scroll of noise
 w - 2 scrolls of magic mapping
 z - a scroll of recharging {unknown}
 C - a scroll of enchant weapon
Potions
 k - a potion of haste {unknown}
 q - a potion of might
 B - a potion of flight {unknown}
 D - a potion of berserk rage {unknown}
Books
 E - a book of Debilitation

   Spells                             Type                      Level
   a - Corona                         Hexes                        1
   b - Slow                           Hexes                        2
   c - Inner Flame                    Hexes/Fire                   3
   d - Portal Projectile              Hexes/Translocation          3
   e - Cause Fear                     Hexes                        4
   f - Leda's Liquefaction            Hexes/Earth                  4
Comestibles
 c - 4 bread rations
 g - 5 chunks of flesh
 h - 2 meat rations
 u - 18 fruits


   Skills:
 + Level 4.4 Fighting
 * Level 10.8 Axes
 + Level 2.4 Armour
 + Level 3.8 Dodging
 - Level 1.7 Stealth


You had 8 spell levels left.
You didn't know any spells.

Dungeon Overview and Level Annotations

Branches:
Dungeon (6/15)
 Temple: D:4-7

Altars:
Dithmenos
Gozag
Makhleb
Qazlal
Ru
Zin
The Shining One

Shops:
D:4 :


Innate Abilities, Weirdness & Mutations

You are slightly more attuned to the shadows.
You are partially covered in sharp spines.
Your movements are significantly less encumbered by armour. (ER -6)
Your flesh is cold resistant. (rC+)


Message History

You see here a chunk of flesh.
Evoke which item? (* to show all) (? for menu, Esc to quit)
Aiming: Iceblast
Press: ? - help, Shift-Dir - straight line, f - two-headed ogre
Aim: a two-headed ogre, wielding two giant clubs The mass of ice explodes!
The iceblast engulfs the two-headed ogre.
The two-headed ogre is moderately wounded.
This wand has 0 charges left.
You hear a shout!
You slash the two-headed ogre!
The two-headed ogre is heavily wounded.
The two-headed ogre barely misses you.
The two-headed ogre hits you with a giant club!
You hit the two-headed ogre but do no damage.
The two-headed ogre is heavily wounded.
The two-headed ogre hits you with a giant club!!
Ouch! That really hurt!
The two-headed ogre hits you with a giant club!!
You die...

# ######O.## #......o..
########.#####..o ..#
#.......o...#
..#########.....o.....#
..##.....##.....O)....#
..##.....#######@######
..##....รท......#.####
..##.....#####.#....#
^.##.o...#<....####.#
.....###W..#.######.###..
.5......o.............'...
####.#####.#####.######...
# #..# #.##....# . # ##.#
#.##.#####


You could see a two-headed ogre and 2 orcs.

Vanquished Creatures
  Pikel (D:4)
  The ghost of kuniqs the Twirler, a novice GnGl (D:5)
  The ghost of graki42 the Firebug, an amateur OpFE (D:6)
  Duvessa (D:5)
  A sky beast (D:4)
  A slave (D:4)
  An ogre (D:4)
  A centaur (D:6)
  Dowan (D:5)
  A scorpion (D:4)
  2 howler monkeys
  3 crimson imps
  A bullfrog zombie (D:6)
  A hound (D:5)
  4 orc priests
  5 orc wizards
  Crazy Yiuf (D:2)
  A bullfrog skeleton (D:6)
  A centaur skeleton (D:6)
  3 iguanas
  5 worker ants
  A hound skeleton (D:6)
  3 gnolls (D:3)
  9 adders
  A shadow imp (D:2)
  2 oozes
  An adder skeleton (D:4)
  A worm (D:2)
  4 dart slugs
  7 leopard geckos
  20 orcs
  2 ball pythons
  9 bats
  10 giant cockroaches
  8 goblins
  9 hobgoblins
  18 jackals
  3 quokkas
  5 frilled lizards
  A jackal skeleton (D:5)
  10 kobolds
  2 leopard gecko skeletons
  8 rats
171 creatures vanquished.

Vanquished Creatures (others)
  A slave (D:4)
  3 worker ants (D:4)
  A giant cockroach (D:4)
5 creatures vanquished.

Grand Total: 176 creatures vanquished

Notes
Turn   | Place    | Note
-------+----------+-------------------------------------------
     0 | D:1      | Alarkh the Demonspawn Monk began the quest for the Orb.
     0 | D:1      | Reached XP level 1. HP: 18/18 MP: 1/1
   124 | D:1      | Reached skill level 3 in Axes
   164 | D:1      | Gained mutation: You are slightly more attuned to the shadows. [demonic ancestry]
   164 | D:1      | Reached XP level 2. HP: 17/24 MP: 2/2
   759 | D:1      | HP: 1/24 [kobold/dagger (3)]
  1059 | D:2      | Gained mutation: Your movements are slightly less encumbered by armour. (ER -2) [demonic ancestry]
  1059 | D:2      | Reached XP level 3. HP: 21/29 MP: 3/3
  1664 | D:1      | Reached skill level 4 in Axes
  2211 | D:2      | Reached XP level 4. HP: 23/35 MP: 4/4
  2835 | D:2      | Found a glowing golden altar of the Shining One.
  3165 | D:2      | Found a runed door.
  3193 | D:2      | Reached skill level 5 in Axes
  3242 | D:2      | Found a stormy altar of Qazlal.
  3774 | D:2      | Noticed Crazy Yiuf
  3784 | D:2      | Killed Crazy Yiuf
  3784 | D:2      | Gained mutation: Your movements are less encumbered by armour. (ER -4) [demonic ancestry]
  3784 | D:2      | Reached XP level 5. HP: 32/41 MP: 5/5
  5020 | D:3      | Reached skill level 6 in Axes
  5216 | D:4      | Noticed an ogre
  5299 | D:4      | Gained mutation: Your flesh is cold resistant. (rC+) [potion of mutation]
  5299 | D:4      | Gained mutation: Your movements are significantly less encumbered by armour. (ER -6) [potion of mutation]
  5393 | D:4      | Found Geor's Book Shop.
  5448 | D:4      | Noticed a slave
  5448 | D:4      | Noticed a slave
  5448 | D:4      | Noticed a slave
  5449 | D:4      | Noticed Pikel
  5449 | D:4      | Noticed a slave
  5489 | D:4      | Killed a slave
  5500 | D:4      | Killed Pikel
  5500 | D:4      | Reached skill level 8 in Axes
  5500 | D:4      | Reached XP level 6. HP: 13/47 MP: 6/6
  5500 | D:4      | Mutation became permanent: Your movements are less encumbered by armour. (ER -4) [demonic ancestry]
  5500 | D:4      | Gained mutation: Your movements are significantly less encumbered by armour. (ER -6) [demonic ancestry]
  5500 | D:4      | Reached XP level 7. HP: 14/52 MP: 7/7
  6811 | D:4      | Found an opulent altar of Gozag.
  6815 | D:4      | Found a shadowy altar of Dithmenos.
  6818 | D:4      | Found a sacrificial altar of Ru.
  6819 | D:4      | Found a burning altar of Makhleb.
  6822 | D:4      | Found a glowing silver altar of Zin.
  6999 | D:5      | Entered Level 5 of the Dungeon
  7008 | D:5      | Noticed kuniqs's ghost (novice GnGl)
  7206 | D:5      | Noticed Dowan
  7248 | D:5      | Gained mutation: You are partially covered in sharp spines. [demonic ancestry]
  7248 | D:5      | Reached XP level 8. HP: 50/58 MP: 8/8
  7249 | D:5      | Noticed Duvessa
  7260 | D:4      | Reached skill level 9 in Axes
  7817 | D:5      | Killed Duvessa
  7987 | D:5      | Killed Dowan
  8585 | D:4      | Reached skill level 10 in Axes
  8888 | D:6      | Noticed graki42's ghost (amateur OpFE)
  9974 | D:5      | Killed kuniqs's ghost
  9974 | D:5      | Reached skill level 1 in Armour
  9974 | D:5      | Reached XP level 9. HP: 18/65 MP: 9/9
 10370 | D:6      | Killed graki42's ghost
 10529 | D:6      | Noticed a two-headed ogre
 10549 | D:6      | Slain by a two-headed ogre

Vault maps used:
D:1:      dpeg_arrival_arbitrary_a, hangedman_abyss_or_decor_stabs
D:2:      grunt_qazlal_clouds, tso_oasis_becter, first_bread, dk_vineyard_1,
          minivault_24, uniq_crazy_yiuf_cottage
D:3:      portal_sewer_entry_f, solitary_fountain, kennysheep_another_room,
          grunt_decor_mini_mirrors, kennysheep_generic_room_9
D:4:      chequers_temple_overflow_minitemple, serial_shops, shop,
          minmay_stone_trees_small, hangedman_glass_teeth, uniq_pikel
D:5:      uniq_duvessa
D:6:      trog_ov_bears_minmay

Skill      XL: |  1  2  3  4  5  6  7  8  9 |
---------------+----------------------------+-----
Axes           | 3 4 5 8 10 | 10.8
Armour         | 1 2 |  2.4
Dodging        | 3 |  3.8
Fighting       | 4 |  4.4
Stealth        | |  1.7

Action                   |  1- 3 |  4- 6 |  7- 9 || total
-------------------------+-------+-------+-------++-------
Melee: Hand axe          |   163 |   222 |       ||   385
       War axe           |       |    29 |   287 ||   316
Evoke: Wand              |       |     3 |     6 ||     9
  Use: Potion            |       |     8 |     3 ||    11
       Scroll            |       |     4 |     6 ||    10
 Stab: Sleeping          |     5 |    12 |     5 ||    22
       Distracted        |       |     1 |       ||     1
       Invisible         |       |     6 |     5 ||    11
  Eat: Chunk             |     4 |    11 |    13 ||    28
       Fruit             |       |       |     3 ||     3
Armor: Robe              |    13 |       |    81 ||    94
       Leather armour    |    10 |    50 |       ||    60
       Ring mail         |       |    10 |       ||    10
Dodge: Dodged            |   112 |   161 |   171 ||   444
